 Dungeon Crawl Stone Soup version 0.32-a0-859-gb0a091d592 (webtiles) character file.

Game seed: 17553026302843767758

741 testman the Trooper (level 7, 0/78 HPs)
             Began as an Oni Gladiator on Mar 22, 2024.
             Was a Believer of Wu Jian.
             Slain by a killer bee (7 damage)
             ... on level 5 of the Dungeon on Mar 27, 2024.
             The game lasted 00:12:27 (3993 turns).

testman the Trooper (Oni Gladiator)                 Turns: 3993, Time: 00:12:28

Health: 0/78       AC:  5    Str: 21    XL:     7   Next: 75%
Magic:  7/7        EV: 14    Int:  9    God:    Wu Jian [**....]
Gold:   276        SH:  0    Dex:  8    Spells: 6/6 levels left

rFire   . . .        a - +0 flail
rCold   + . .        (no shield)
rNeg    . . .        r - +2 robe {rC+}
rPois   .            c - +0 hat
rElec   .            (no cloak)
rCorr   .            (gloves unavailable)
SInv    .            (boots unavailable)
Will    .....        (no amulet)
Stlth   +            y - +5 ring of evasion
HPRegen 1.13/turn    (no ring)
MPRegen 0.10/turn

%: no passive effects
@: lethally poisoned (0 -> -1)
A: large, unfitting armour, horns 1, tough skin 1, double potion healing,
drunken brawling, talons 1, clumsy 1, regeneration 1
a: Renounce Religion, Wall Jump


You were on level 5 of the Dungeon.
You worshipped Wu Jian.
Wu Jian was pleased with you.
You visited 1 branch of the dungeon, and saw 5 of its levels.

You collected 276 gold pieces.

Inventory:

Hand Weapons
 a - a +0 flail (weapon)
Missiles
 d - 3 throwing nets (quivered)
 e - a large rock
 f - 42 stones
 x - 6 poisoned darts
Armour
 b - a +0 robe
 c - a +0 hat (worn)
 r - a +2 robe of cold resistance (worn)
Jewellery
 y - a +5 ring of evasion (left hand)
Wands
 w - a wand of polymorph (9)
 A - a wand of warping (19)
Scrolls
 g - a scroll of silence {unknown}
 h - 2 scrolls of teleportation
 i - a scroll of enchant weapon {unknown}
 l - 2 scrolls of identify {unknown}
 q - a scroll of vulnerability {unknown}
 u - a scroll of enchant armour {unknown}
 v - a scroll of torment {unknown}
 z - a scroll of amnesia {unknown}
 B - a scroll of immolation {unknown}
 C - a scroll of noise {unknown}
Potions
 j - a potion of attraction {unknown}
 k - 3 potions of might
 m - 3 potions of lignification
 n - a potion of mutation
 p - a potion of enlightenment {unknown}
 s - 2 potions of heal wounds
 t - 2 potions of degeneration {unknown}


   Skills:
 + Level 7.4 Fighting
 + Level 6.1 Maces & Flails
 - Level 2.0 Throwing
 + Level 4.1 Dodging


You had 6 spell levels left.
You didn't know any spells.
Your spell library contained the following spells:

 Spells                   Type           Power      Damage    Failure   Level
 Call Imp                 Summ           0%         N/A       52%         2
 Static Discharge         Conj/Air       0%         3-3/arc   52%         2
 Sublimation of Blood     Necr           0%         N/A       52%         2
 Inner Flame              Hex/Fire       0%         N/A       77%         3
 Tukima's Dance           Hex            0%         N/A       77%         3
 Airstrike                Air            0%         2d(0-16)  99%         4
 Passage of Golubria      Tloc           0%         N/A       99%         4
 Summon Lightning Spire   Summ/Air       0%         N/A       99%         4
 Irradiate                Conj/Alch      0%         3d11      100%        5
 Yara's Violent Unravell  Hex/Alch       0%         3d3       100%        5
 Summon Hydra             Summ           0%         N/A       100%        7
 Ignition                 Fire           0%         3d3       100%        8


Dungeon Overview and Level Annotations

Branches:
Dungeon (5/15)
 Temple: D:4-7

Altars:
Kikubaaqudgha
Wu Jian
The Shining One


Innate Abilities, Weirdness & Mutations

You are too large for most types of armour.
You have a pair of small horns on your head.
You have tough skin. (AC +1)
You gain doubled healing and magic from potions.
Whenever you drink a healing potion, you attack all around you.
You have sharp toenails.
You are clumsy. (Dex -2)
Your natural rate of healing is unusually fast.


Message History

The killer bee stings you. x2
You hit the killer bee. You claw the killer bee.
The killer bee is almost dead.
You feel sick. The killer bee stings you. The killer bee closely misses you.
The killer bee stings you. x3
You are more poisoned.
The killer bee poisons you! The killer bee stings you.
You are more poisoned.
The killer bee poisons you!
You closely miss the killer bee.
The killer bee is almost dead.
You feel very sick.
The killer bee stings you but does no damage. x2
The killer bee closely misses you. The killer bee barely misses you.
The killer bee completely misses you.
The killer bee stings you but does no damage.
The killer bee misses you.
You miss the killer bee. Your headbutt misses the killer bee.
The killer bee is almost dead.
You feel very sick. The killer bee barely misses you. x2
The killer bee stings you but does no damage.
The killer bee barely misses you. The killer bee closely misses you. x2
You hit the killer bee.
You kill the killer bee!
The Council accepts your kill.
You feel very sick.
The killer bee stings you but does no damage. x2
The killer bee stings you.
* * * LOW HITPOINT WARNING * * *
The killer bee closely misses you.
You closely miss the killer bee. Your kick misses the killer bee.
You feel sick. The killer bee barely misses you. The killer bee misses you.
The killer bee barely misses you.
The killer bee stings you but does no damage.
You barely miss the killer bee. Your kick misses the killer bee.
Your headbutt misses the killer bee.
You feel sick. The killer bee stings you!
* * * LOW HITPOINT WARNING * * *
The killer bee stings you!
You die...

.........>#.##y.............##
..........###........#.......#
........y.#..........#.......#
..$.#.........#.##......#.#.##
....##..###†###.#.......#.# #
... #....##..#)....#....### .#
#....#.....#.#.......### #
####.....#.#yy.........##
###..###.@#..###.....# . #..##
#..#.[####....# ..
##..###..##....##..###
..######...#...##.........#
...............####...#.###
..............####....###
...............##..####
.........#.....###..#
....................##


You could see 2 killer bees.

Vanquished Creatures
  2 phantoms
  A scorpion (D:4)
  2 killer bees (D:5)
  4 hounds
  Jessica (D:2)
  3 iguanas (D:4)
  Ijyb (D:4)
  Natasha (thrice) (D:2)
  6 adders
  4 dart slugs
  A ribbon worm (D:2)
  4 orcs
  2 bats
  4 endoplasms
  6 giant cockroaches
  9 goblins
  6 hobgoblins
  7 quokkas
  3 ball pythons
  3 frilled lizards
  3 kobolds
  8 rats
83 creatures vanquished.

Notes
Turn   | Place    | Note
-------+----------+-------------------------------------------
     0 | D:1      | testman the Oni Gladiator began the quest for the Orb.
     0 | D:1      | Reached XP level 1. HP: 22/22 MP: 1/1
   190 | D:1      | Reached skill level 3 in Fighting
   239 | D:1      | Reached XP level 2. HP: 24/31 MP: 2/2
   431 | D:1      | Upgraded the game from 0.32-a0-799-g95e1662365 to
                  | 0.32-a0-859-gb0a091d592
  1048 | D:2      | Reached XP level 3. HP: 32/39 MP: 3/3
  1107 | D:2      | Reached skill level 4 in Fighting
  1150 | D:2      | Noticed Jessica
  1158 | D:2      | Killed Jessica
  1159 | D:2      | Reached XP level 4. HP: 37/49 MP: 4/4
  1393 | D:2      | Found a faded altar of an unknown god.
  1404 | D:2      | Prayed at the altar of an unknown god.
  1404 | D:2      | Became a worshipper of the Wu Jian Council
  1404 | D:2      | Reached * piety under Wu Jian
  1484 | D:2      | Noticed Natasha
  1496 | D:2      | Killed Natasha
  1497 | D:2      | Reached skill level 5 in Fighting
  1497 | D:2      | Reached XP level 5. HP: 35/57 MP: 5/5
  1579 | D:2      | Noticed Natasha
  1597 | D:2      | HP: 2/57 [cerulean imp/+3 spear[Natasha] (1)]
  1600 | D:2      | Killed Natasha
  1701 | D:2      | Noticed Natasha
  1706 | D:2      | Killed Natasha
  2488 | D:3      | Found a glowing golden altar of the Shining One.
  3039 | D:4      | Noticed a phantom
  3069 | D:4      | Killed a phantom
  3070 | D:4      | Reached skill level 6 in Fighting
  3070 | D:4      | Reached skill level 5 in Maces & Flails
  3070 | D:4      | Reached XP level 6. HP: 67/67 MP: 6/6
  3165 | D:4      | Noticed Ijyb
  3176 | D:4      | Killed Ijyb
  3334 | D:4      | Reached XP level 7. HP: 65/76 MP: 7/7
  3437 | D:4      | Found an ancient bone altar of Kikubaaqudgha.
  3463 | D:4      | Reached ** piety under Wu Jian
  3721 | D:5      | Entered Level 5 of the Dungeon
  3842 | D:5      | Reached skill level 7 in Fighting
  3982 | D:5      | Gained mutation: Your natural rate of healing is unusually
                  | fast. [potion of mutation]
  3982 | D:5      | Gained mutation: You are clumsy. (Dex -2) [potion of
                  | mutation]
  3982 | D:5      | Gained mutation: You have sharp toenails. [potion of
                  | mutation]
  3993 | D:5      | Slain by a killer bee

Illustrated notes

Levels and vault maps discovered:
D:1:      dpeg_arrival_oval, layout_basic
D:2:      layout_basic, shapermc_ecumenical_altar_pompeii, grunt_ministairs_6,
          uniq_jessica, uniq_natasha
D:3:      minmay_evil_eye, layout_loops_ring, nicolae_tso_carved_into_rock,
          serial_bayou, serial_bayou_pond_e, serial_bayou_pond_c,
          serial_bayou_ford_a, serial_bayou_shore_b, serial_bayou_lake_a,
          serial_bayou_pond_e
D:4:      layout_gridville, overflow_temple_1_default, uniq_ijyb
D:5:      layout_cave_pools, nzn_wu_jian_council_hall

Skill      XL: |  1  2  3  4  5  6  7 |
---------------+----------------------+-----
Fighting       | 3 4 5 6 7 |  7.4
Maces & Flails | 4 5 6 |  6.1
Dodging        | 3 4 |  4.1
Throwing       | |  2.0

Action                     |  1- 3 |  4- 6 |  7- 9 || total
---------------------------+-------+-------+-------++-------
  Melee: Flail             |    76 |   122 |    54 ||   252
         Headbutt          |     6 |    18 |     8 ||    32
         Kick              |       |       |     1 ||     1
Ability: Lunge             |       |    12 |     5 ||    17
         Whirlwind         |       |     1 |     5 ||     6
    Use: Potion            |       |     3 |     4 ||     7
         Scroll            |       |       |     1 ||     1
 Armour: Robe              |    60 |   100 |    66 ||   226
         Skin              |       |     5 |       ||     5
  Dodge: Dodged            |    45 |    69 |    80 ||   194

Table legend: (Time is in decaauts)
 A = Elapsed time spent in this place.
 B = Non-inter-level travel time spent in this place.
 C = Inter-level travel time spent in this place.
 D = Time resting spent in this place.
 E = Time spent auto-exploring this place.
 F = Levels seen in this place.
 G = Mean time per level.
                   A        B        C        D        E       F      G
               +--------+--------+--------+--------+--------+-----+--------+
         Total |   4042 |   3921 |    121 |    156 |   3098 |   5 |  808.4 |
       Dungeon |   4042 |   3921 |    121 |    156 |   3098 |   5 |  808.4 |
               +--------+--------+--------+--------+--------+-----+--------+

Top non-repeatable levels by time:
     D:2: 1154 daAuts
     D:1: 1047 daAuts
     D:3: 884 daAuts
     D:4: 680 daAuts
     D:5: 275 daAuts
